 Dungeon Crawl Stone Soup version 0.30-a0-457-g4b7bca3bfa (webtiles) character file.

Game seed: 17991161110172639190

7 ryw the Trooper (level 1, 0/18 HPs)
             Began as a Demonspawn Monk on Dec 14, 2022.
             Slain by a goblin
             ... wielding a +0 dagger
              (3 damage)
             ... on level 1 of the Dungeon.
             The game lasted 00:00:55 (90 turns).

ryw the Trooper (Demonspawn Monk)                     Turns: 90, Time: 00:00:56

Health: 0/18       AC:  2    Str: 11    XL:     1   Next: 91%
Magic:  1/1        EV: 13    Int: 11    God:
Gold:   0          SH:  0    Dex: 15    Spells: 0/0 levels left

rFire   . . .      SeeInvis .      - Unarmed
rCold   . . .      Faith    .    (no shield)
rNeg    . . .      Spirit   .    a - +0 robe
rPois   .          Reflect  .    (no helmet)
rElec   .          Harm     .    (no cloak)
rCorr   .          Rampage  .    (no gloves)
Will    .....                    (no boots)
Stlth   ++........               (no amulet)
HPRegen 0.23/turn                (no ring)
MPRegen 0.07/turn                (no ring)

@: no status effects
A: no striking features
a: no special abilities


You were on level 1 of the Dungeon.
You visited 1 branch of the dungeon, and saw 1 of its levels.

Inventory:

Armour
 a - a +0 robe (worn)


   Skills:
 + Level 3.1 Fighting
 + Level 2.8 Dodging
 - Level 1.7 Stealth
 + Level 2.9 Unarmed Combat


You couldn't memorise any spells.
You didn't know any spells.
Your spell library was empty.

Dungeon Overview and Level Annotations

Branches:
Dungeon (1/15)

Altars:


Message History

The jackal is lightly wounded.
The jackal closely misses you.
Something loses its grip on the plant.
The goblin hits the plant with a +0 dagger.
The hobgoblin hits the plant.
The jackal bites you but does no damage.
You completely miss the jackal.
The jackal is lightly wounded.
A nearby plant withers and dies.
The hobgoblin hits the plant.
The plant begins to die.
The jackal misses you.
You barely miss the jackal.
The jackal is lightly wounded.
A nearby plant withers and dies.
The jackal misses you.
The goblin hits the plant with a +0 dagger.
The plant begins to die.
The hobgoblin hits the plant.
The plant begins to die.
The jackal closely misses you.
You hit the jackal.
You kill the jackal!
The goblin hits the plant with a +0 dagger.
You hit the hobgoblin.
The hobgoblin is severely wounded.
The hobgoblin closely misses you.
The goblin hits the plant with a +0 dagger.
You hit the hobgoblin.
The hobgoblin is almost dead.
A nearby plant withers and dies.
The goblin hits the plant with a +0 dagger.
The hobgoblin hits you.
You hit the hobgoblin but do no damage.
The hobgoblin is almost dead.
A nearby plant withers and dies. x2; The hobgoblin hits you.
* * * LOW HITPOINT WARNING * * *
The hobgoblin attacks as you move away! The hobgoblin hits you.
* * * LOW HITPOINT WARNING * * *
The goblin attacks as you move away! The goblin closely misses you.
The hobgoblin hits the plant.
The plant begins to die.
You aren't carrying any potions.
Unknown command.
You hit the goblin but do no damage.
The hobgoblin hits the plant.
The goblin hits you with a +0 dagger.
You die... #..# #######..######## #PPPPPP...PPPPPP# .# #PPPPP....PPPPPP# ... #PPPPP.....PPPPP### ...##PPP..PPPPP..PPP... .....PP.PPP...PPP.PP### ...##PP.PP.PPP.PP.PP### #P@PP.PP.PP.PP.P..#

###PgP.PP.P.PP.P..#.#
#...g..P.PPP.P...†..#
#.#....PP.P.PP.......
#.#.#.†.P.PP.PP.P......
......P.....PPP.........
######P............PP...
##PPP.........PPP...
#.PPP.....†...PPP...


You could see a hobgoblin and a goblin.

Vanquished Creatures
  A hobgoblin (D:1)
  4 jackals (D:1)
  A ball python (D:1)
6 creatures vanquished.

Vanquished Creatures (others)
  48 plants (D:1)
48 creatures vanquished.

Grand Total: 54 creatures vanquished

Notes
Turn   | Place    | Note
-------+----------+-------------------------------------------
     0 | D:1      | ryw the Demonspawn Monk began the quest for the Orb.
     0 | D:1      | Reached XP level 1. HP: 18/18 MP: 1/1
    90 | D:1      | Slain by a goblin

Illustrated notes

Levels and vault maps discovered:
D:1:      roderic_crop_circles_arrival_small, layout_loops_ring, serial_shops,
          shop, minmay_tripent

Action                   || total
-------------------------++-------
Melee: Unarmed           ||    51
       Punch             ||     1
  Use: Potion            ||     1
Armor: Robe              ||    13
Dodge: Dodged            ||    47

Table legend: (Time is in decaauts)
 A = Elapsed time spent in this place.
 B = Non-inter-level travel time spent in this place.
 C = Inter-level travel time spent in this place.
 D = Time resting spent in this place.
 E = Time spent auto-exploring this place.
 F = Levels seen in this place.
 G = Mean time per level.
                   A        B        C        D        E       F      G
               +--------+--------+--------+--------+--------+-----+--------+
         Total |     87 |     87 |      0 |      0 |     13 |   1 |   87.0 |
       Dungeon |     87 |     87 |      0 |      0 |     13 |   1 |   87.0 |
               +--------+--------+--------+--------+--------+-----+--------+

Top non-repeatable levels by time:
     D:1: 87 daAuts
